[ AOE2 MATCH · #472604497 ]
UnrankedVietnamese vs Incas
[ REPLAY ANALYSIS · EXTRACTED FROM THE RECORDED GAME ]
Feudal
—
Castle
—
Imperial
—
| APM avg | 34.5 |
| APM peak | 45 |
| eAPM avg | 13.2 |
| Villagers / military | 22 / 0 |
Focus
⚔️ 14.8% · 🌾 85.2%
Fishing Ship ×12
Feudal
—
Castle
—
Imperial
—
| APM avg | 16.2 |
| APM peak | 38 |
| eAPM avg | 8.6 |
| Villagers / military | 11 / 0 |
Focus
⚔️ 33.3% · 🌾 66.7%
Fishing Ship ×2
Feudal
—
Castle
—
Imperial
—
| APM avg | 33.8 |
| APM peak | 56 |
| eAPM avg | 12.0 |
| Villagers / military | 12 / 0 |
Focus
⚔️ 26.4% · 🌾 73.6%
Fishing Ship ×5
Feudal
—
Castle
—
Imperial
—
| APM avg | 36.8 |
| APM peak | 67 |
| eAPM avg | 12.7 |
| Villagers / military | 10 / 0 |
Focus
⚔️ 30.0% · 🌾 70.0%
Fishing Ship ×4
Feudal
—
Castle
—
Imperial
—
| APM avg | 38.8 |
| APM peak | 67 |
| eAPM avg | 19.5 |
| Villagers / military | 13 / 0 |
Focus
⚔️ 22.0% · 🌾 78.0%
Fishing Ship ×5
Feudal
—
Castle
—
Imperial
—
| APM avg | 37.1 |
| APM peak | 54 |
| eAPM avg | 12.7 |
| Villagers / military | 17 / 0 |
Focus
⚔️ 14.9% · 🌾 85.1%
Feudal
—
Castle
—
Imperial
—
| APM avg | 29.2 |
| APM peak | 59 |
| eAPM avg | 22.2 |
| Villagers / military | 20 / 0 |
Focus
⚔️ 27.2% · 🌾 72.8%
Fishing Ship ×6
Feudal
—
Castle
—
Imperial
—
| APM avg | 36.3 |
| APM peak | 47 |
| eAPM avg | 13.9 |
| Villagers / military | 21 / 0 |
Focus
⚔️ 10.6% · 🌾 89.4%
Fishing Ship ×12
Match map
Initial resources + every placement click. Lines = walls · curves = elevation contours. ◆ gold · ⬟ stone · ● berries · ✦ relic · ◌ wall gap
Your base
roggan's base
ノルフ's base
Marvin Strait and the Dire Gays's base
Fs.Emmanuel's base
danntheman's base
HousedAt15's base
mylove__'s base
Smoothed initial terrain · ◌ = detected wall gap · hover for details
Inputs per minute
— 自由人生 - - roggan
Build order — 自由人生
41 actions detected in the replay
| 0:16 | Build | Town Center |
| 1:10 | Build | Dock |
| 2:38 | Queue | Villager (Male) |
| 2:38 | Queue | Villager (Male) |
| 2:39 | Queue | Villager (Male) |
| 2:39 | Queue | Villager (Male) |
| 3:35 | Queue | Fishing Ship |
| 3:35 | Queue | Fishing Ship |
| 4:01 | Build | House |
| 4:04 | Queue | Villager (Male) |
| 4:04 | Queue | Villager (Male) |
| 4:39 | Research | Loom |
| 4:39 | Research | Loom |
| 4:40 | Queue | Fishing Ship |
| 4:41 | Queue | Fishing Ship |
| 5:02 | Queue | Villager (Male) |
| 5:03 | Queue | Villager (Male) |
| 5:14 | Queue | Villager (Male) |
| 5:14 | Queue | Villager (Male) |
| 5:45 | Build | House |
| 5:52 | Queue | Villager (Male) |
| 5:53 | Queue | Villager (Male) |
| 6:11 | Queue | Villager (Male) |
| 6:11 | Queue | Villager (Male) |
| 6:13 | Queue | Fishing Ship |
| 6:14 | Queue | Fishing Ship |
| 6:39 | Queue | Villager (Male) |
| 6:40 | Queue | Villager (Male) |
| 6:41 | Queue | Fishing Ship |
| 6:41 | Queue | Fishing Ship |
| 6:52 | Queue | Villager (Male) |
| 6:53 | Queue | Villager (Male) |
| 7:12 | Queue | Fishing Ship |
| 7:13 | Queue | Fishing Ship |
| 7:21 | Build | House |
| 7:24 | Queue | Fishing Ship |
| 7:24 | Queue | Fishing Ship |
| 7:37 | Queue | Villager (Male) |
| 7:38 | Queue | Villager (Male) |
| 7:49 | Queue | Villager (Male) |
| 7:49 | Queue | Villager (Male) |
Build order — roggan
16 actions detected in the replay
| 0:34 | Build | Town Center |
| 1:26 | Build | House |
| 2:02 | Build | Dock |
| 2:51 | Queue | Villager (Male) |
| 2:51 | Queue | Villager (Male) |
| 2:51 | Queue | Villager (Male) |
| 2:52 | Queue | Villager (Male) |
| 2:52 | Queue | Villager (Male) |
| 3:55 | Queue | Fishing Ship |
| 4:36 | Queue | Villager (Male) |
| 4:37 | Queue | Villager (Male) |
| 5:03 | Queue | Villager (Male) |
| 5:07 | Queue | Fishing Ship |
| 5:25 | Queue | Villager (Male) |
| 5:25 | Queue | Villager (Male) |
| 5:53 | Queue | Villager (Male) |
Build order — ノルフ
26 actions detected in the replay
| 0:22 | Build | Town Center |
| 1:32 | Build | Palisade Wall |
| 1:36 | Build | Palisade Wall |
| 1:37 | Build | Palisade Wall |
| 2:04 | Build | Dock |
| 2:40 | Build | House |
| 2:46 | Queue | Villager (Male) |
| 2:46 | Queue | Villager (Male) |
| 2:47 | Queue | Villager (Male) |
| 2:47 | Queue | Villager (Male) |
| 3:31 | Queue | Villager (Male) |
| 3:54 | Queue | Fishing Ship |
| 4:15 | Build | Palisade Wall |
| 5:01 | Queue | Villager (Male) |
| 5:26 | Queue | Villager (Male) |
| 5:26 | Queue | Fishing Ship |
| 5:52 | Queue | Villager (Male) |
| 6:01 | Build | House |
| 6:14 | Queue | Villager (Male) |
| 6:20 | Queue | Fishing Ship |
| 6:20 | Queue | Fishing Ship |
| 6:32 | Build | House |
| 6:35 | Queue | Villager (Male) |
| 7:01 | Queue | Villager (Male) |
| 7:22 | Queue | Fishing Ship |
| 7:30 | Queue | Villager (Male) |
Build order — Marvin Strait and the Dire Gays
22 actions detected in the replay
| 0:41 | Build | Town Center |
| 2:27 | Build | Dock |
| 2:30 | Build | House |
| 2:51 | Queue | Villager (Male) |
| 3:09 | Queue | Villager (Male) |
| 3:15 | Queue | Villager (Male) |
| 3:15 | Queue | Villager (Male) |
| 3:36 | Queue | Fishing Ship |
| 4:23 | Build | House |
| 4:39 | Queue | Villager (Male) |
| 5:06 | Queue | Villager (Male) |
| 5:35 | Queue | Villager (Male) |
| 5:36 | Queue | Fishing Ship |
| 5:44 | Build | House |
| 6:03 | Queue | Villager (Male) |
| 6:28 | Queue | Fishing Ship |
| 6:29 | Queue | Villager (Male) |
| 7:00 | Build | House |
| 7:09 | Queue | Villager (Male) |
| 7:10 | Queue | Fishing Ship |
| 7:15 | Build | House |
| 7:28 | Build | House |
Build order — Fs.Emmanuel
25 actions detected in the replay
| 0:03 | Build | Town Center |
| 1:04 | Build | Dock |
| 1:11 | Build | Palisade Wall |
| 2:29 | Queue | Villager (Male) |
| 2:29 | Queue | Villager (Male) |
| 2:29 | Queue | Villager (Male) |
| 2:30 | Queue | Villager (Male) |
| 2:30 | Queue | Villager (Male) |
| 2:36 | Research | Loom |
| 3:27 | Queue | Fishing Ship |
| 4:10 | Build | House |
| 4:16 | Queue | Villager (Male) |
| 4:43 | Queue | Fishing Ship |
| 4:57 | Build | House |
| 5:04 | Queue | Villager (Male) |
| 5:38 | Queue | Villager (Male) |
| 5:47 | Queue | Fishing Ship |
| 5:55 | Queue | Villager (Male) |
| 6:22 | Queue | Villager (Male) |
| 6:45 | Queue | Villager (Male) |
| 6:53 | Queue | Fishing Ship |
| 6:58 | Build | House |
| 7:20 | Queue | Villager (Male) |
| 7:41 | Queue | Fishing Ship |
| 7:42 | Queue | Villager (Male) |
Build order — danntheman
19 actions detected in the replay
| 0:38 | Build | Town Center |
| 2:44 | Queue | Villager (Male) |
| 2:44 | Queue | Villager (Male) |
| 2:44 | Queue | Villager (Male) |
| 2:45 | Queue | Villager (Male) |
| 2:45 | Queue | Villager (Male) |
| 3:54 | Queue | Villager (Male) |
| 3:55 | Queue | Villager (Male) |
| 4:38 | Queue | Villager (Male) |
| 4:38 | Queue | Villager (Male) |
| 5:07 | Queue | Villager (Male) |
| 5:21 | Queue | Villager (Male) |
| 5:22 | Queue | Villager (Male) |
| 5:23 | Queue | Villager (Male) |
| 6:06 | Research | Loom |
| 6:23 | Queue | Villager (Male) |
| 6:28 | Queue | Villager (Male) |
| 6:55 | Queue | Villager (Male) |
| 7:46 | Queue | Villager (Male) |
Build order — HousedAt15
36 actions detected in the replay
| 0:10 | Build | Town Center |
| 1:16 | Build | Dock |
| 2:30 | Queue | Villager (Male) |
| 2:31 | Queue | Villager (Male) |
| 2:31 | Queue | Villager (Male) |
| 2:31 | Queue | Villager (Male) |
| 2:31 | Queue | Villager (Male) |
| 2:31 | Queue | Villager (Male) |
| 3:25 | Research | Loom |
| 3:25 | Research | Loom |
| 3:26 | Research | Loom |
| 3:26 | Research | Loom |
| 3:26 | Research | Loom |
| 3:27 | Queue | Fishing Ship |
| 3:27 | Queue | Fishing Ship |
| 3:27 | Queue | Villager (Male) |
| 3:48 | Build | House |
| 3:55 | Queue | Villager (Male) |
| 4:35 | Queue | Fishing Ship |
| 4:36 | Queue | Fishing Ship |
| 4:59 | Queue | Villager (Male) |
| 5:35 | Queue | Villager (Male) |
| 5:35 | Queue | Villager (Male) |
| 5:40 | Build | House |
| 6:05 | Queue | Villager (Male) |
| 6:06 | Queue | Villager (Male) |
| 6:08 | Queue | Fishing Ship |
| 6:26 | Queue | Villager (Male) |
| 6:27 | Queue | Villager (Male) |
| 6:47 | Queue | Villager (Male) |
| 6:47 | Queue | Villager (Male) |
| 6:47 | Queue | Villager (Male) |
| 6:50 | Queue | Fishing Ship |
| 7:25 | Queue | Villager (Male) |
| 7:29 | Build | House |
| 7:33 | Queue | Villager (Male) |
Build order — mylove__
41 actions detected in the replay
| 0:13 | Build | Town Center |
| 0:39 | Build | House |
| 0:47 | Build | Dock |
| 2:28 | Queue | Villager (Male) |
| 2:28 | Queue | Villager (Male) |
| 2:29 | Queue | Villager (Male) |
| 2:31 | Queue | Villager (Male) |
| 2:32 | Queue | Villager (Male) |
| 2:59 | Research | Loom |
| 3:00 | Queue | Villager (Male) |
| 3:00 | Queue | Villager (Male) |
| 3:13 | Queue | Villager (Male) |
| 3:13 | Queue | Villager (Male) |
| 3:31 | Queue | Fishing Ship |
| 3:32 | Queue | Fishing Ship |
| 4:09 | Research | Loom |
| 4:09 | Queue | Villager (Male) |
| 4:10 | Queue | Villager (Male) |
| 4:13 | Build | Palisade Wall |
| 4:20 | Build | House |
| 4:44 | Queue | Villager (Male) |
| 4:44 | Queue | Villager (Male) |
| 4:57 | Queue | Fishing Ship |
| 4:58 | Queue | Fishing Ship |
| 5:23 | Queue | Villager (Male) |
| 5:23 | Queue | Villager (Male) |
| 5:57 | Queue | Villager (Male) |
| 5:57 | Queue | Villager (Male) |
| 5:59 | Queue | Fishing Ship |
| 5:59 | Queue | Fishing Ship |
| 6:07 | Build | House |
| 6:26 | Queue | Villager (Male) |
| 6:27 | Queue | Villager (Male) |
| 6:45 | Queue | Fishing Ship |
| 6:45 | Queue | Fishing Ship |
| 7:09 | Queue | Fishing Ship |
| 7:10 | Queue | Fishing Ship |
| 7:16 | Queue | Villager (Male) |
| 7:16 | Queue | Villager (Male) |
| 7:26 | Queue | Fishing Ship |
| 7:26 | Queue | Fishing Ship |
Match timeline
| 0:47 | mylove__ · first_building Dock |
| 1:04 | Fs.Emmanuel · first_building Dock |
| 1:10 | 自由人生 · first_building Dock |
| 1:11 | Fs.Emmanuel · wall_segment Palisade Wall x1 |
| 1:16 | HousedAt15 · first_building Dock |
| 1:32 | ノルフ · wall_segment Palisade Wall x1 |
| 1:36 | ノルフ · wall_segment Palisade Wall x1 |
| 1:37 | ノルフ · wall_segment Palisade Wall x1 |
| 2:02 | roggan · first_building Dock |
| 2:04 | ノルフ · first_building Dock |
| 2:27 | Marvin Strait and the Dire Gays · first_building Dock |
| 4:13 | mylove__ · wall_segment Palisade Wall x1 |
| 4:15 | ノルフ · wall_segment Palisade Wall x1 |
| 5:58 | roggan · resign |
[ AI ANALYSIS · 1 CREDIT ]
What really happened in this match?
Wolo.gg analyzes every decision: build order, eco, micro, common mistakes by bracket. Personalized analysis on WhatsApp or Discord in 30 seconds.
Civ guide
Vietnamese
Perfil
Jugador #17527294